 Dungeon Crawl Stone Soup version 0.29-a0-819-g94b489e0ae (webtiles) character file.

Game seed: 22237405287503612

529 Zeld the Chopper (level 7, -2/61 HPs)
             Began as a Minotaur Berserker on July 6, 2022.
             Was a Believer of Trog.
             Slain by a hobgoblin (3 damage)
             ... on level 4 of the Dungeon.
             The game lasted 00:05:31 (5472 turns).

Zeld the Chopper (Minotaur Berserker)               Turns: 5472, Time: 00:05:32

Health: -2/61      AC:  2    Str: 28    XL:     7   Next: 3%
Magic:  0/6        EV: 13    Int:  4    God:    Trog [**....]
Gold:   226        SH:  0    Dex: 10    Spells: 6/6 levels left

rFire   . . .      SeeInvis .   v - +1 dagger (venom)
rCold   . . .      Faith    .   (no shield)
rNeg    . . .      Spirit   +   b - +0 animal skin
rPois   .          Reflect  .   (helmet restricted)
rElec   +          Harm     .   (no cloak)
rCorr   .          Rampage  +   (no gloves)
Will    ++...                   (no boots)
Stlth   +.........              q - amulet of Bodily Harmony {Spirit Rampage rElec Str+5}
HPRegen 1.20/turn               (no ring)
MPRegen 0.10/turn               (no ring)

@: strong-willed, regenerating, hasted, very quick
A: horns 2, retaliatory headbutt
a: Renounce Religion, Berserk, Trog's Hand


You were on level 4 of the Dungeon.
You worshipped Trog.
Trog was pleased with you.
You visited 2 branches of the dungeon, and saw 5 of its levels.

You collected 226 gold pieces.

Inventory:

Hand Weapons
 a - a +0 hand axe
 v - a +1 dagger of venom (weapon)
Missiles
 d - 10 poisoned darts
 h - 3 atropa-tipped darts
 s - 2 boomerangs
 u - 2 throwing nets
Armour
 b - a +0 animal skin (worn)
Jewellery
 q - the amulet of Bodily Harmony (around neck) {Spirit Rampage rElec Str+5}
   (You found it on level 2 of the Dungeon)

   [amulet of guardian spirit]

   It causes incoming damage to be divided between your reserves of health and
   magic.
   Str:       It affects your strength (+5).
   rElec:     It insulates you from electricity.
   Rampage:   It bestows one free step when moving towards enemies.
 A - a ring of fire
Scrolls
 e - 4 scrolls of teleportation {unknown}
 i - 2 scrolls of noise {unknown}
 k - a scroll of amnesia {unknown}
 m - 3 scrolls of identify {unknown}
 n - a scroll of poison {unknown}
 p - 2 scrolls of magic mapping {unknown}
 r - a scroll of enchant weapon {unknown}
 y - 2 scrolls of immolation {unknown}
Potions
 c - 2 potions of brilliance {unknown}
 f - 2 potions of degeneration {unknown}
 g - a potion of lignification {unknown}
 j - a potion of heal wounds {unknown}
 l - a potion of might {unknown}
 o - 3 potions of haste
 t - a potion of resistance {unknown}
 w - a potion of mutation {unknown}
 x - 2 potions of curing {unknown}
 z - a potion of flight {unknown}


   Skills:
 + Level 5.4 Fighting
 * Level 6.7 Axes
 + Level 4.5 Armour
 + Level 4.1 Dodging


You had 6 spell levels left.
You didn't know any spells.
Your spell library was empty.

Dungeon Overview and Level Annotations

Branches:
Dungeon (4/15)             Temple (1/1) D:4

Altars:
Ashenzari
Cheibriados
Elyvilon
Hepliaklqana
Kikubaaqudgha
Makhleb
Nemelex Xobeh
Qazlal
Ru
Sif Muna
Vehumet
Wu Jian
Xom
Zin


Innate Abilities, Weirdness & Mutations

You have a pair of horns on your head.
You reflexively headbutt those who attack you in melee.


Message History

The kobold brigand hits you with a +2 antimagic battleaxe!
You feel your power leaking away.
You hit the kobold brigand but do no damage.
The kobold brigand looks even sicker.
The kobold brigand is lightly wounded.
The kobold brigand hits you with a +2 antimagic battleaxe!
Unknown command.
Your skin crawls.
You feel strong-willed.
The kobold brigand hits you with a +2 antimagic battleaxe!!
* * * LOW HITPOINT WARNING * * *
Unknown command.
Unknown command.
The kobold brigand attacks as you move away!
The kobold brigand closely misses you.
You see here a giant cockroach corpse.
The hobgoblin attacks as you move away! The hobgoblin closely misses you.
The kobold brigand throws a poisoned dart.
The poisoned dart hits you!
You are poisoned.
There is an open door here.
You feel sick.
Okay, then.
You feel sick.
You feel sick. The hobgoblin attacks as you move away!
The hobgoblin closely misses you.
You feel sick.
You see here a +0 dagger.
The hobgoblin attacks as you move away!
The hobgoblin hits you but does no damage.
You feel sick.
There is an open door here.
The hobgoblin attacks as you move away! The hobgoblin hits you.
* * * LOW HITPOINT WARNING * * *
You feel sick.
Okay, then.
It was a potion of haste.
You feel yourself speed up.
You feel sick.
You are no longer poisoned.
The hobgoblin hits you.
You die...

#.......# #........
#.####..# #.###...#
#.########### ##.##
#......#..######.# #####
#......#..+)#..#.#
#...#####..##..# #####.#.#
#.......#..##..#...###.#.##
#...#####......#.#.##.#....
##.##...#.@....#...#.###...
#.##.####g#######w##......
#.##.# #.)...#....#.#..##
#.##.# #.....#K...#...##
##.##.## #..#..#†.(.#...#
#......###.....')†..#...#
#........#.....#######)####
#......#########....###.)..
#......# #.# #>..##.#:####


You could see a hobgoblin.

Vanquished Creatures
  Sigmund (D:4)
  An ogre (D:4)
  An orc priest (D:3)
  An iguana (D:4)
  Jessica (D:3)
  3 gnolls (D:4)
  6 adders
  4 worms (D:2)
  A dart slug (D:3)
  6 orcs (D:3)
  6 endoplasms
  3 giant cockroaches
  14 hobgoblins
  3 jackals
  2 quokkas (D:2)
  5 ball pythons
  9 bats
  3 frilled lizards (D:1)
  11 goblins
  3 kobolds
  6 rats
90 creatures vanquished.

Notes
Turn   | Place    | Note
-------+----------+-------------------------------------------
     0 | D:1      | Zeld the Minotaur Berserker began the quest for the Orb.
     0 | D:1      | Reached XP level 1. HP: 19/19 MP: 0/0
   291 | D:1      | Found a faded altar of an unknown god.
   481 | D:1      | Reached XP level 2. HP: 27/27 MP: 1/1
   493 | D:1      | Reached skill level 4 in Axes
  1230 | D:2      | Reached ** piety under Trog
  1233 | D:2      | Reached XP level 3. HP: 24/33 MP: 2/2
  2331 | D:2      | Identified the amulet of Bodily Harmony {Spirit Rampage
                  | rElec Str+5}
  2367 | D:3      | Reached XP level 4. HP: 38/40 MP: 3/3
  2694 | D:3      | Reached skill level 5 in Axes
  2995 | D:3      | Found a stormy altar of Qazlal.
  2997 | D:3      | Noticed an earth elemental
  2997 | D:3      | Noticed an air elemental
  2998 | D:3      | Noticed a water elemental
  2998 | D:3      | Noticed a fire elemental
  3160 | D:3      | Noticed Jessica
  3165 | D:3      | Killed Jessica
  3166 | D:3      | Reached XP level 5. HP: 29/47 MP: 2/4
  3844 | D:4      | Found a staircase to the Ecumenical Temple.
  3853 | Temple   | Entered the Ecumenical Temple
  4127 | D:4      | Noticed an ogre
  4454 | D:4      | Noticed Sigmund
  4465 | D:4      | Killed Sigmund
  4465 | D:4      | Reached *** piety under Trog
  4466 | D:4      | Reached skill level 5 in Fighting
  4466 | D:4      | Reached skill level 6 in Axes
  4466 | D:4      | Reached XP level 6. HP: 29/56 MP: 2/5
  5102 | D:4      | Reached XP level 7. HP: 53/61 MP: 4/6
  5463 | D:4      | HP: 2/61 [kobold brigand/+2 antimagic battleaxe (19)]
  5468 | D:4      | HP: 3/61 [poisoned by a kobold brigand]
  5471 | D:4      | HP: 1/61 [hobgoblin (3)]
  5472 | D:4      | Slain by a hobgoblin

Illustrated notes

Levels and vault maps discovered:
D:1:      dpeg_arrival_renting, layout_loops_ring,
          ebering_ecumenical_altar_rust, minmay_misc_feat_rugged
D:2:      layout_rooms
D:3:      layout_basic, nicolae_qazlal_style_of_elements, uniq_jessica
D:4:      minmay_clustersquares, layout_loops_ring,
          minmay_temple_entry_offerings, uniq_sigmund
Temple:   nicolae_temple_bog_church

Skill      XL: |  1  2  3  4  5  6 |
---------------+-------------------+-----
Axes           | 4 5 6 |  6.7
Fighting       | 4 5 |  5.4
Armour         | 3 4 |  4.5
Dodging        | 3 4 |  4.1

Action                   |  1- 3 |  4- 6 |  7- 9 || total
-------------------------+-------+-------+-------++-------
Melee: Hand axe          |    98 |    43 |       ||   141
       Headbutt          |    17 |    20 |     1 ||    38
       Dagger            |       |    62 |    13 ||    75
Invok: Berserk           |     1 |     1 |       ||     2
       Trog's Hand       |       |     1 |     1 ||     2
  Use: Potion            |       |       |     1 ||     1
Armor: Animal skin       |    20 |    10 |     2 ||    32
Dodge: Dodged            |    64 |    50 |    12 ||   126

Table legend: (Time is in decaauts)
 A = Elapsed time spent in this place.
 B = Non-inter-level travel time spent in this place.
 C = Inter-level travel time spent in this place.
 D = Time resting spent in this place.
 E = Time spent auto-exploring this place.
 F = Levels seen in this place.
 G = Mean time per level.
                   A        B        C        D        E       F      G
               +--------+--------+--------+--------+--------+-----+--------+
         Total |   5510 |   5398 |    112 |   1447 |   3213 |   5 | 1102.0 |
       Dungeon |   5294 |   5204 |     90 |   1447 |   3032 |   4 | 1323.5 |
        Temple |    216 |    194 |     22 |      0 |    181 |   1 |  216.0 |
               +--------+--------+--------+--------+--------+-----+--------+

Top non-repeatable levels by time:
     D:1: 1631 daAuts
     D:3: 1458 daAuts
     D:4: 1298 daAuts
     D:2: 906 daAuts
  Temple: 216 daAuts
